| TOP OF THE 1ST |
|
Cedar Rapids Kernels batting - Pitching for Delmarva Shorebirds : LHP Ace Ventura
|
|
Pitching: LHP Ace Ventura
|
|
|
Batting: RHB Mike Craver
|
0-0: Foul Ball, location: 2F 0-1: Fly out, F7 (Flyball, 7, EV 89.4 MPH)
|
|
Batting: RHB Sean Gould
|
0-0: Foul Ball, location: 2F 0-1: Hit by Pitch
|
|
Batting: RHB Ryan Gautney
|
0-0: Fly out, F8 (Flyball, 8RXD, EV 98.1 MPH)
|
|
Batting: LHB David Campbell
|
0-0: Called Strike Sean Gould is caught stealing 2nd base 2-6
|
| Top of the 1st over - 0 runs, 0 hits, 0 errors, 0 left on base; Cedar Rapids 0 - Delmarva 0 |
| BOTTOM OF THE 1ST |
|
Delmarva Shorebirds batting - Pitching for Cedar Rapids Kernels : RHP Tim Weller
|
|
Pitching: RHP Tim Weller
|
|
|
Batting: LHB Eric Jackson
|
0-0: Called Strike 0-1: Foul Ball, location: 2F 0-2: Ball 1-2: Strikes out swinging
|
|
Batting: LHB Tim Mulholland
|
0-0: Called Strike 0-1: DOUBLE (Line Drive, 9LM, EV 110.6 MPH)
|
|
Batting: RHB Danny Merrill
|
0-0: Ball 1-0: Called Strike 1-1: Ball 2-1: Swinging Strike 2-2: Foul Ball, location: 2F 2-2: Ball 3-2: Strikes out swinging
|
|
Batting: LHB Mike Sloan
|
0-0: SINGLE (Groundball, 4MD, EV 105.0 MPH) Tim Mulholland to third
|
|
Batting: SHB Jorge Brito
|
0-0: Called Strike 0-1: Swinging Strike 0-2: Ball 1-2: Strikes out swinging
|
| Bottom of the 1st over - 0 runs, 2 hits, 0 errors, 2 left on base; Cedar Rapids 0 - Delmarva 0 |
| TOP OF THE 2ND |
|
Cedar Rapids Kernels batting - Pitching for Delmarva Shorebirds : LHP Ace Ventura
|
|
Batting: LHB David Campbell
|
0-0: Called Strike 0-1: Called Strike 0-2: Ball 1-2: Ball 2-2: Ground out 4-3 (Groundball, 4S, EV 75.6 MPH)
|
|
Batting: RHB Tony Crespo
|
0-0: Called Strike 0-1: SOLO HOME RUN (Line Drive, 89XD, EV 105.0 MPH), Distance : 407 ft
|
|
Batting: LHB Chris Munguia
|
0-0: Called Strike 0-1: Foul Ball, location: 2F 0-2: Foul Ball, location: 2F 0-2: Ground out 6-3 (Groundball, P, EV 85.6 MPH)
|
|
Batting: SHB Dan Morataya
|
0-0: Fly out, F7 (Line Drive, 7D, EV 100.0 MPH)
|
| Top of the 2nd over - 1 run, 1 hit, 0 errors, 0 left on base; Cedar Rapids 1 - Delmarva 0 |
| BOTTOM OF THE 2ND |
|
Delmarva Shorebirds batting - Pitching for Cedar Rapids Kernels : RHP Tim Weller
|
|
Batting: LHB Justin Moore
|
0-0: Fly out, F2 (Popup, 5SF, EV 75.6 MPH)
|
|
Batting: RHB Francisco Viera
|
0-0: Foul Ball, location: 2F 0-1: Ball 1-1: Ball 2-1: Fly out, F7 (Flyball, 78S, EV 96.9 MPH)
|
|
Batting: LHB Bill Ostlund
|
0-0: Called Strike 0-1: Swinging Strike 0-2: Strikes out swinging
|
| Bottom of the 2nd over - 0 runs, 0 hits, 0 errors, 0 left on base; Cedar Rapids 1 - Delmarva 0 |
| TOP OF THE 3RD |
|
Cedar Rapids Kernels batting - Pitching for Delmarva Shorebirds : LHP Ace Ventura
|
|
Batting: RHB Michael McDonald
|
0-0: Fly out, F3 (Popup, 3L, EV 56.2 MPH)
|
|
Batting: RHB David Nardone
|
0-0: Ball 1-0: Ground out 3-1 (Groundball, 34S, EV 91.2 MPH)
|
|
Batting: RHB Mike Craver
|
0-0: Ball 1-0: Called Strike 1-1: Ground out 5-3 (Groundball, 56S, EV 72.5 MPH)
|
| Top of the 3rd over - 0 runs, 0 hits, 0 errors, 0 left on base; Cedar Rapids 1 - Delmarva 0 |
| BOTTOM OF THE 3RD |
|
Delmarva Shorebirds batting - Pitching for Cedar Rapids Kernels : RHP Tim Weller
|
|
Batting: SHB Jared Boyce
|
0-0: Swinging Strike 0-1: Fly out, F8 (Line Drive, 78M, EV 97.5 MPH)
|
|
Batting: LHB Eric Jackson
|
0-0: Ball 1-0: Ball 2-0: Called Strike 2-1: Swinging Strike 2-2: Foul Ball, location: 2F 2-2: Foul Ball, location: 2F 2-2: Foul Ball, location: 2F 2-2: Strikes out looking
|
|
Batting: LHB Tim Mulholland
|
0-0: Foul Ball, location: 2F 0-1: Ball 1-1: Swinging Strike 1-2: Foul Ball, location: 2F 1-2: Fly out, F9 (Flyball, 9, EV 73.1 MPH)
|
| Bottom of the 3rd over - 0 runs, 0 hits, 0 errors, 0 left on base; Cedar Rapids 1 - Delmarva 0 |
| TOP OF THE 4TH |
|
Cedar Rapids Kernels batting - Pitching for Delmarva Shorebirds : LHP Ace Ventura
|
|
Batting: RHB Sean Gould
|
0-0: Ball 1-0: Ball 2-0: Called Strike 2-1: Foul Ball, location: 2F 2-2: Ball 3-2: Strikes out swinging
|
|
Batting: RHB Ryan Gautney
|
0-0: Ball 1-0: Ball 2-0: Ball 3-0: Called Strike 3-1: Base on Balls
|
|
Batting: LHB David Campbell
|
0-0: Called Strike 0-1: Foul Ball, location: 2F 0-2: Ball 1-2: Ground out U3 (Groundball, 3S, EV 66.9 MPH) Ryan Gautney to second
|
|
Batting: RHB Tony Crespo
|
0-0: Fly out, F8 (Flyball, 89XD, EV 112.5 MPH)
|
| Top of the 4th over - 0 runs, 0 hits, 0 errors, 1 left on base; Cedar Rapids 1 - Delmarva 0 |
| BOTTOM OF THE 4TH |
|
Delmarva Shorebirds batting - Pitching for Cedar Rapids Kernels : RHP Tim Weller
|
|
Batting: RHB Danny Merrill
|
0-0: Ball 1-0: Foul Ball, location: 2F 1-1: Ball 2-1: Foul Ball, location: 2F 2-2: Fly out, F8 (Line Drive, 8LD, EV 99.4 MPH)
|
|
Batting: LHB Mike Sloan
|
0-0: Swinging Strike 0-1: Swinging Strike 0-2: Ball 1-2: Ball 2-2: Ground out 4-3 (Groundball, 34D, EV 103.8 MPH)
|
|
Batting: SHB Jorge Brito
|
0-0: Ball 1-0: Ground out 5-3 (Groundball, 5L, EV 102.5 MPH)
|
| Bottom of the 4th over - 0 runs, 0 hits, 0 errors, 0 left on base; Cedar Rapids 1 - Delmarva 0 |
| TOP OF THE 5TH |
|
Cedar Rapids Kernels batting - Pitching for Delmarva Shorebirds : LHP Ace Ventura
|
|
Batting: LHB Chris Munguia
|
0-0: Foul Ball, location: 2F 0-1: Fly out, F7 (Flyball, 7S, EV 96.9 MPH)
|
|
Batting: SHB Dan Morataya
|
0-0: Ball 1-0: Called Strike 1-1: Fly out, F7 (Flyball, 7D, EV 84.4 MPH)
|
|
Batting: RHB Michael McDonald
|
0-0: Foul Ball, location: 2F 0-1: Foul Ball, location: 2F 0-2: Ball 1-2: Foul Ball, location: 2F 1-2: Strikes out swinging
|
| Top of the 5th over - 0 runs, 0 hits, 0 errors, 0 left on base; Cedar Rapids 1 - Delmarva 0 |
| BOTTOM OF THE 5TH |
|
Delmarva Shorebirds batting - Pitching for Cedar Rapids Kernels : RHP Tim Weller
|
|
Batting: LHB Justin Moore
|
0-0: Called Strike 0-1: Ball 1-1: Foul Ball, location: 2F 1-2: Foul Ball, location: 2F 1-2: Ball 2-2: Foul Ball, location: 2F 2-2: Strikes out swinging
|
|
Batting: RHB Francisco Viera
|
0-0: Ball 1-0: SINGLE (Groundball, 6MD, EV 95.0 MPH)
|
|
Batting: LHB Bill Ostlund
|
0-0: Ball 1-0: Swinging Strike 1-1: Ball Francisco Viera steals 2nd base 2-1: Ball 3-1: Called Strike 3-2: Foul Ball, location: 2F 3-2: Base on Balls
|
|
Batting: SHB Jared Boyce
|
0-0: SINGLE (Groundball, 6M, EV 85.6 MPH) (infield hit) Francisco Viera to third Bill Ostlund to second
|
|
Batting: LHB Eric Jackson
|
0-0: DOUBLE (Line Drive, 9LS, EV 100.0 MPH) Francisco Viera scores Bill Ostlund scores Jared Boyce to third
|
|
Batting: LHB Tim Mulholland
|
0-0: Called Strike 0-1: Ball 1-1: Ball 2-1: 3-RUN HOME RUN (Flyball, 78XD, EV 103.1 MPH), Distance : 404 ft
|
|
Pitching: RHP Larry Muttart
|
|
|
Batting: RHB Danny Merrill
|
0-0: Ball 1-0: Ball 2-0: Foul Ball, location: 2F 2-1: Swinging Strike 2-2: Fly out, F8 (Flyball, 8LD, EV 83.1 MPH)
|
|
Batting: LHB Mike Sloan
|
0-0: Ground out U3 (Groundball, 3, EV 85.0 MPH)
|
| Bottom of the 5th over - 5 runs, 4 hits, 0 errors, 0 left on base; Cedar Rapids 1 - Delmarva 5 |
| TOP OF THE 6TH |
|
Cedar Rapids Kernels batting - Pitching for Delmarva Shorebirds : LHP Ace Ventura
|
|
Batting: RHB David Nardone
|
0-0: Ball 1-0: Ball 2-0: Fly out, F9 (Line Drive, 9, EV 92.5 MPH)
|
|
Batting: RHB Mike Craver
|
0-0: Ball 1-0: Ball 2-0: Swinging Strike 2-1: DOUBLE (Flyball, 89XD, EV 107.5 MPH)
|
|
Batting: RHB Sean Gould
|
0-0: Ball 1-0: SINGLE (Groundball, 6MD, EV 105.6 MPH) Mike Craver to third Runner from 3rd tries for Home, SAFE, throw by CF to home Sean Gould to second
|
|
Batting: RHB Ryan Gautney
|
0-0: Ball 1-0: SINGLE (Line Drive, 7S, EV 107.5 MPH) Sean Gould to third
|
|
Batting: LHB David Campbell
|
0-0: Foul Ball, location: 2F 0-1: Ball 1-1: Grounds into double play, 4-6-3 (Groundball, 34S, EV 87.5 MPH)
|
| Top of the 6th over - 1 run, 3 hits, 0 errors, 1 left on base; Cedar Rapids 2 - Delmarva 5 |
| BOTTOM OF THE 6TH |
|
Delmarva Shorebirds batting - Pitching for Cedar Rapids Kernels : RHP Larry Muttart
|
|
Batting: SHB Jorge Brito
|
0-0: Called Strike 0-1: Ball 1-1: Ball 2-1: Ball 3-1: Base on Balls
|
|
Batting: LHB Justin Moore
|
0-0: Swinging Strike 0-1: Foul Ball, location: 2F 0-2: Ball 1-2: Ball 2-2: Fly out, F9 (Flyball, 9D, EV 81.2 MPH)
|
|
Batting: RHB Francisco Viera
|
0-0: Ball 1-0: Foul Ball, location: 2F 1-1: Grounds into double play, 6-4-3 (Groundball, 6, EV 90.0 MPH)
|
| Bottom of the 6th over - 0 runs, 0 hits, 0 errors, 0 left on base; Cedar Rapids 2 - Delmarva 5 |
| TOP OF THE 7TH |
|
Cedar Rapids Kernels batting - Pitching for Delmarva Shorebirds : LHP Ace Ventura
|
|
Now at 2B: Lee Deason
|
|
|
Now in LF: Alvaro Palacio
|
|
|
Batting: RHB Tony Crespo
|
0-0: Called Strike 0-1: Foul Ball, location: 2F 0-2: Ball 1-2: Ball 2-2: Ground out 5-3 (Groundball, 56, EV 103.8 MPH)
|
|
Batting: LHB Chris Munguia
|
0-0: Ball 1-0: Ball 2-0: Foul Ball, location: 2F 2-1: Foul Ball, location: 2F 2-2: Ball 3-2: Ground out 1-3 (Groundball, 25, EV 73.1 MPH)
|
|
Batting: SHB Dan Morataya
|
0-0: Ball 1-0: Called Strike 1-1: Ball 2-1: Foul Ball, location: 2F 2-2: Strikes out looking
|
| Top of the 7th over - 0 runs, 0 hits, 0 errors, 0 left on base; Cedar Rapids 2 - Delmarva 5 |
| BOTTOM OF THE 7TH |
|
Delmarva Shorebirds batting - Pitching for Cedar Rapids Kernels : RHP Larry Muttart
|
|
Batting: LHB Bill Ostlund
|
0-0: DOUBLE (Groundball, 3L, EV 103.8 MPH)
|
|
Batting: SHB Jared Boyce
|
0-0: Foul Ball, location: 2F 0-1: Ball 1-1: Ball 2-1: Ball 3-1: Foul Ball, location: 2F 3-2: Base on Balls
|
|
Batting: LHB Eric Jackson
|
0-0: Bunt missed! 0-1: Bunted foul 0-2: Foul Ball, location: 2F 0-2: Ball 1-2: Ball 2-2: Foul Ball, location: 2F 2-2: Ball Wild Pitch! Bill Ostlund to third Jared Boyce to second 3-2: Base on Balls
|
|
Batting: LHB Tim Mulholland
|
0-0: Ball 1-0: Ball 2-0: Ball 3-0: Called Strike 3-1: Grounds into fielders choice 4-2 (Groundball, 34S, EV 88.1 MPH) Jared Boyce to third Eric Jackson to second
|
|
Batting: SHB Alvaro Palacio
|
0-0: Ball 1-0: SINGLE (Groundball, 34, EV 94.4 MPH) Jared Boyce scores Eric Jackson to third Tim Mulholland to second Runner from 3rd tries for Home, throw by RF and OUT! 9-2
|
|
Batting: LHB Mike Sloan
|
0-0: Fly out, F8 (Flyball, 8RS, EV 84.4 MPH)
|
| Bottom of the 7th over - 1 run, 2 hits, 0 errors, 2 left on base; Cedar Rapids 2 - Delmarva 6 |
| TOP OF THE 8TH |
|
Cedar Rapids Kernels batting - Pitching for Delmarva Shorebirds : LHP Ace Ventura
|
|
Batting: RHB Michael McDonald
|
0-0: Ball 1-0: Foul Ball, location: 2F 1-1: Fly out, F7 (Flyball, 7D, EV 103.1 MPH)
|
|
Pitching: RHP Ferri Adam
|
|
|
Batting: RHB David Nardone
|
0-0: Fly out, F8 (Line Drive, 8LD, EV 105.0 MPH)
|
|
Batting: RHB Mike Craver
|
0-0: Ball 1-0: Foul Ball, location: 2F 1-1: Ground out 4-3 (Groundball, 4, EV 99.4 MPH)
|
| Top of the 8th over - 0 runs, 0 hits, 0 errors, 0 left on base; Cedar Rapids 2 - Delmarva 6 |
| BOTTOM OF THE 8TH |
|
Delmarva Shorebirds batting - Pitching for Cedar Rapids Kernels : RHP Larry Muttart
|
|
Pitching: RHP Bruce Wight
|
|
|
Batting: SHB Jorge Brito
|
0-0: Ball 1-0: SOLO HOME RUN (Flyball, 7D, EV 103.8 MPH), Distance : 384 ft
|
|
Batting: RHB Lee Deason
|
0-0: Called Strike 0-1: Foul Ball, location: 2F 0-2: Fly out, F8 (Flyball, 8LS, EV 91.9 MPH)
|
|
Batting: RHB Francisco Viera
|
0-0: Called Strike 0-1: Ball 1-1: Ball 2-1: Called Strike 2-2: Foul Ball, location: 2F 2-2: Ball 3-2: Foul Ball, location: 2F 3-2: Strikes out swinging
|
|
Batting: LHB Bill Ostlund
|
0-0: Ground out U3 (Groundball, 3, EV 78.1 MPH)
|
| Bottom of the 8th over - 1 run, 1 hit, 0 errors, 0 left on base; Cedar Rapids 2 - Delmarva 7 |
| TOP OF THE 9TH |
|
Cedar Rapids Kernels batting - Pitching for Delmarva Shorebirds : RHP Ferri Adam
|
|
Batting: RHB Sean Gould
|
0-0: Called Strike 0-1: Ball 1-1: Swinging Strike 1-2: Strikes out swinging
|
|
Batting: RHB Ryan Gautney
|
0-0: Foul Ball, location: 2F 0-1: Ball 1-1: Called Strike 1-2: Ball 2-2: SINGLE (Line Drive, 9LS, EV 104.4 MPH)
|
|
Batting: LHB David Campbell
|
0-0: Called Strike 0-1: Ball 1-1: SINGLE (Groundball, 6D, EV 101.9 MPH) Ryan Gautney to second
|
|
Batting: RHB Tony Crespo
|
0-0: Foul Ball, location: 2F 0-1: Ball 1-1: Foul Ball, location: 2F 1-2: Ball 2-2: Strikes out swinging
|
|
Batting: LHB Chris Munguia
|
0-0: Called Strike 0-1: Swinging Strike 0-2: Foul Ball, location: 2F 0-2: Strikes out swinging
|
| Top of the 9th over - 0 runs, 2 hits, 0 errors, 2 left on base; Cedar Rapids 2 - Delmarva 7 |
|